 Dungeon Crawl Stone Soup version 0.24.0-123-gd5b16e6ec5 (console) character file.

Game seed: 5614078426714311472, levelgen mode: deterministic

41 Kagalorn the Sneak (level 3, 0/27 HPs)
             Began as a Human Assassin on Dec 26, 2019.
             Succumbed to an adder's poison
             ... on level 2 of the Dungeon.
             The game lasted 00:05:30 (1456 turns).

Kagalorn the Sneak (Human Assassin)                 Turns: 1456, Time: 00:05:30

Health: 0/27       AC:  4    Str:  9 (11) XL:     3   Next: 75%
Magic:  3/3        EV: 11    Int:  9 (12) God:
Gold:   16         SH:  0    Dex: 12 (14) Spells: 2/2 levels left

rFire    . . .     SeeInvis .   a - +2 dagger
rCold    . . .     Gourm    .   (no shield)
rNeg     . . .     Faith    .   o - +0 leather armour (curse)
rPois    .         Spirit   .   (no helmet)
rElec    .         Reflect  .   c - +0 cloak
rCorr    .         Harm     .   (no gloves)
MR       .....                  (no boots)
Stlth    ++........             (no amulet)
HPRegen  0.09/turn              (no ring)
MPRegen  0.08/turn              (no ring)

@: lethally poisoned (0 -> -10), hasted, invisible, very quick
A: no striking features
a: no special abilities


You were on level 2 of the Dungeon.
You were hungry.

You visited 1 branch of the dungeon, and saw 2 of its levels.

You collected 16 gold pieces.

Inventory:

Hand Weapons
 a - a +2 dagger (weapon)
Missiles
 d - 5 poisoned darts (quivered)
 e - 2 curare-tipped darts
 k - 78 stones
Armour
 c - a +0 cloak (worn)
 o - a cursed +0 leather armour (worn)
Scrolls
 h - a scroll of fear {unknown}
 i - 4 scrolls of identify
 j - a scroll of remove curse {unknown}
 m - a scroll of immolation {unknown}
 n - a scroll of noise {unknown}
 p - a scroll of magic mapping {unknown}
Potions
 b - a potion of flight {unknown}
 l - 2 potions of brilliance
 r - a potion of haste
Comestibles
 f - 4 rations


   Skills:
 - Level 2.0 Fighting
 * Level 3.8 Short Blades
 - Level 2.0 Throwing
 - Level 1.0 Dodging
 - Level 4.0 Stealth


You had 2 spell levels left.
You didn't know any spells.
Your spell library was empty.

Dungeon Overview and Level Annotations

Branches:
Dungeon (2/15)

Altars:


Message History

* * * LOW HITPOINT WARNING * * *
You feel sick.
* * * LOW HITPOINT WARNING * * *
You feel sick.
You kill the adder!
Okay, then.
As you read the scroll labeled LIDENNE IFOENE, it crumbles to dust.
It is a scroll of identify.
l - 2 potions of brilliance
* * * LOW HITPOINT WARNING * * *
You feel sick.
It was a potion of haste.
You feel yourself speed up.
* * * LOW HITPOINT WARNING * * *
You feel sick.
It was a potion of degeneration.
There was something very wrong with that liquid.
You feel weakened.
You feel dopey.
You feel clumsy.
It was a potion of invisibility.
You fade into invisibility!
You die...

............S....
..........)..##.. .# #.
###....####....##.# ##.. #....#
#..... #...
#....#######..######..#
#.##.(........#......#
#.######†.......>....## #÷#
#...............# #. #.#
#...@[..........##...
#.#####..................#.
###.....................####.
####............................
#......######...................
######.#.................#......
#..##..............#...##...
#.######.#####..#...........
##.# #... ....########...#


There were no monsters in sight!

Vanquished Creatures
  An adder (D:2)
  A worm (D:2)
  A leopard gecko (D:2)
  A ball python (D:1)
  4 bats
  2 giant cockroaches
  4 goblins
  2 hobgoblins (D:1)
  A jackal (D:1)
  A frilled lizard (D:1)
  7 kobolds (D:1)
  3 rats (D:1)
28 creatures vanquished.

Notes
Turn   | Place    | Note
-------+----------+-------------------------------------------
     0 | D:1      | Kagalorn the Human Assassin began the quest for the Orb.
     0 | D:1      | Reached XP level 1. HP: 16/16 MP: 1/1
   196 | D:1      | Reached XP level 2. HP: 17/22 MP: 2/2
   896 | D:1      | Reached XP level 3. HP: 25/27 MP: 3/3
  1454 | D:2      | HP: 1/27 [poisoned by an adder]
  1456 | D:2      | Succumbed to an adder's poison

Levels and vault maps discovered:
D:1:      lemuel_arrival_room, layout_basic, minivault_23, st_stairs_1
D:2:      layout_rooms, old_standard_altar

Skill      XL: |  1  2 |
---------------+-------+-----
Short Blades   | 3 |  3.8
Fighting       | |  2.0
Throwing       | |  2.0
Dodging        | |  1.0
Stealth        | |  4.0

Action                   || total
-------------------------++-------
Melee: Dagger            ||   102
Throw: Dart              ||     3
  Use: Potion            ||     3
       Scroll            ||     1
 Stab: Sleeping          ||     5
  Eat: Chunk             ||     1
Armor: Robe              ||     3
       Leather armour    ||    13
Dodge: Dodged            ||    49
